 Dungeon Crawl Stone Soup version 0.31-a0-1589-g8f5e8aebd6 (webtiles) character file.

Game seed: 17503945464766745637

49 voltaire321 the Digger (level 3, -2/26 HPs)
             Began as a Demonspawn Earth Elementalist on Jan 6, 2024.
             Slain by a gnoll
             ... wielding a +0 flail
              (8 damage)
             ... on level 2 of the Dungeon.
             The game lasted 00:02:37 (1347 turns).

voltaire321 the Digger (DsEE)                       Turns: 1347, Time: 00:02:38

Health: -2/26      AC:  2    Str: 10    XL:     3   Next: 51%
Magic:  0/6        EV: 12    Int: 15    God:
Gold:   59         SH:  0    Dex: 13    Spells: 5/6 levels left

rFire   . . .        g - +2 short sword (elec)
rCold   . . .        (no shield)
rNeg    . . .        a - +0 robe
rPois   .            (helmet restricted)
rElec   .            (no cloak)
rCorr   .            (no gloves)
SInv    .            (no boots)
Will    .....        (no amulet)
Stlth   ++           (no ring)
HPRegen 0.24/turn    (no ring)
MPRegen 0.10/turn

%: no passive effects
@: no status effects
A: antennae 1
a: no special abilities


You were on level 2 of the Dungeon.
You visited 1 branch of the dungeon, and saw 2 of its levels.

You collected 59 gold pieces.

Inventory:

Hand Weapons
 g - a +2 short sword of electrocution (weapon)
Armour
 a - a +0 robe (worn)
Scrolls
 d - a scroll of teleportation {unknown}
 e - a scroll of fog {unknown}
 f - a scroll of identify {unknown}
 l - a scroll of fear {unknown}
Potions
 b - 2 potions of magic
 c - 2 potions of brilliance {unknown}
 h - 2 potions of might {unknown}
 i - 2 potions of invisibility {unknown}
 j - a potion of cancellation {unknown}
 k - a potion of lignification {unknown}


   Skills:
 + Level 1.1 Fighting
 + Level 1.0 Armour
 + Level 2.2 Dodging
 - Level 1.7 Stealth
 + Level 2.3 Spellcasting
 - Level 1.0 Conjurations
 + Level 3.0 Earth Magic


You had 5 spell levels left.
You knew the following spells:

 Your Spells              Type           Power      Damage    Failure   Level
a - Sandblast             Erth           22%        2d7       6%          1

Your spell library contained the following spells:

 Spells                   Type           Power      Damage    Failure   Level
 Passwall                 Erth           11%        N/A       19%         3
 Stone Arrow              Conj/Erth      14%        3d7       28%         3
 Brom's Barrelling Bould  Conj/Erth      7%         2d3       67%         4
 Petrify                  Alch/Erth      6%         N/A       75%         4
 Iskenderun's Battlesphe  Conj           4%         2d6       98%         5
 Bombard                  Conj/Erth      3%         9d1       100%        6
 Spellforged Servitor     Conj/Summ      1%         N/A       100%        7


Dungeon Overview and Level Annotations

Branches:
Dungeon (2/15)

Altars:


Innate Abilities, Weirdness & Mutations

You have a pair of small antennae on your head.


Message History

You hit the goblin.
You kill the goblin!
You start resting.
A ball python comes into view.
The ball python moves out of view.
You start resting.
A gnoll is nearby!
You see here a +0 dagger.
The gnoll shouts!
An endoplasm comes into view.
A dart slug comes into view.
The gnoll attacks as it pursues you!
The gnoll hits you from afar with a +0 spear.
You see here a +0 ring mail.
Aiming: Sandblast (safe; 6% risk of failure)
Press: ? - help, Q - select action Shift-Dir - straight line, f - gnoll
Aim: a gnoll, wielding a +0 spear (84% to hit)
The blast of sand hits the gnoll.
The gnoll is moderately wounded.
The gnoll hits you from afar with a +0 spear.
Aiming: Sandblast (safe; 6% risk of failure)
Press: ? - help, Q - select action Shift-Dir - straight line, f/p - gnoll
Aim: a gnoll, wielding a +0 spear (moderately wounded, 84% to hit)
The blast of sand hits the gnoll.
The gnoll is heavily wounded.
The gnoll shouts!
The gnoll closely misses you. The dart slug launches a dart at you.
The slug dart hits you. The gnoll barely misses you.
The gnoll attacks as it pursues you! The gnoll barely misses you.
Aiming: Sandblast (safe; 6% risk of failure)
Press: ? - help, Q - select action Shift-Dir - straight line, f/p - gnoll
Aim: a gnoll, wielding a +0 spear (heavily wounded, 84% to hit)
The blast of sand hits the gnoll.
The gnoll is heavily wounded.
The gnoll hits you from afar with a +0 spear!
* * * LOW HITPOINT WARNING * * *
The gnoll attacks as it pursues you! The gnoll hits you with a +0 flail!
You die...

#...J..##.g....#
###w[######.)### #..##
#..## ###.## ###.## ##
###..######..### #..
#....J.##......#
#..##....g.##......#
#......##g†....##...
#......##.@....# ....
#########..######..### #..
#....# #..## #.)## ..
#.#### ###.## ###.## ## #.#
#######..######..### g.#
#.# #..##..[...##....†.#
...## #.#
#..##.....†##......##)(....
#.#
###......##†.....##†......#
#.#
#......##......##.......#


You could see 2 gnolls, a dart slug and an endoplasm.

Vanquished Creatures
  2 gnolls (D:2)
  2 ribbon worms (D:2)
  A dart slug (D:1)
  An endoplasm (D:1)
  2 goblins
  3 hobgoblins (D:1)
  4 kobolds (D:1)
  2 quokkas
  3 ball pythons
  A frilled lizard (D:1)
  A rat (D:2)
22 creatures vanquished.

Notes
Turn   | Place    | Note
-------+----------+-------------------------------------------
     0 | D:1      | voltaire321 the Demonspawn Earth Elementalist began the
                  | quest for the Orb.
     0 | D:1      | Reached XP level 1. HP: 13/13 MP: 3/3
   449 | D:1      | Gained mutation: You have a pair of small antennae on your
                  | head. [demonic ancestry]
   449 | D:1      | Reached XP level 2. HP: 20/20 MP: 3/5
  1258 | D:2      | Reached skill level 1 in Fighting
  1294 | D:2      | Reached skill level 1 in Armour
  1294 | D:2      | Reached skill level 3 in Earth Magic
  1294 | D:2      | Reached XP level 3. HP: 26/26 MP: 2/6
  1347 | D:2      | Slain by a gnoll

Illustrated notes

Levels and vault maps discovered:
D:1:      tarquinn_simple_flora_water_b, layout_basic
D:2:      layout_loops_ring, basic_altar, nicolae_houndstooth_variations

Skill      XL: |  1  2 |
---------------+-------+-----
Dodging        | 2 |  2.2
Fighting       | 1 |  1.1
Armour         | 1 |  1.0
Earth Magic    | 3 |  3.0
Stealth        | |  1.7
Spellcasting   | |  2.3
Conjurations   | |  1.0

Action                     || total
---------------------------++-------
  Melee: Dagger            ||     2
         Short sword       ||     6
   Cast: Sandblast         ||    42
 Armour: Robe              ||    13
  Dodge: Dodged            ||    14

Table legend: (Time is in decaauts)
 A = Elapsed time spent in this place.
 B = Non-inter-level travel time spent in this place.
 C = Inter-level travel time spent in this place.
 D = Time resting spent in this place.
 E = Time spent auto-exploring this place.
 F = Levels seen in this place.
 G = Mean time per level.
                   A        B        C        D        E       F      G
               +--------+--------+--------+--------+--------+-----+--------+
         Total |   1367 |   1351 |     16 |    161 |    980 |   2 |  683.5 |
       Dungeon |   1367 |   1351 |     16 |    161 |    980 |   2 |  683.5 |
               +--------+--------+--------+--------+--------+-----+--------+

Top non-repeatable levels by time:
     D:1: 1137 daAuts
     D:2: 230 daAuts
